[Event "Team 45 45 League T41"]
[Site "Internet Chess Club"]
[Date "2009.05.17"]
[Round "3"]
[White "ilknight"]
[Black "Skyler"]
[Result "0-1"]
[WhiteElo "1477"]
[BlackElo "1466"]
[Opening "QGD Slav defense"]
[ECO "D10"]
[Time "20:00:26"]
[TimeControl "2700+45"]

1. d4 d5 2. c4 c6 3. e3 Nf6 4. Nc3 a6 5. Nf3 Bf5 6. Bd3 Bg6 7. Bxg6 hxg6 8. cxd5
cxd5 9. Qa4+ Nc6 10. Qb3 Ra7 11. Qa4 e6 12. Ne5 Qb6 13. Nxc6 bxc6 14. O-O Bd6
15. Re1 Bxh2+ 16. Kf1 Bd6 17. Ke2 O-O 18. Kd1 Rc8 19. e4 dxe4 20. Nxe4 Bb4 21.
Nxf6+ gxf6 22. Bd2 Bxd2 23. Kxd2 Rd8 24. Kc3 c5 25. dxc5 Qxc5+ 26. Qc4 Qxc4+ 27.
Kxc4 Rc7+ 28. Kb3 Rb8+ 29. Ka3 Rc5 30. b3 a5 31. Rac1 Rbc8 32. Rxc5 Rxc5 33. Kb2
Rd5 34. Kc2 Rd4 35. Rd1 Rxd1 36. Kxd1 Kf8 37. a3 Ke8 38. b4 axb4 39. axb4 Kd7
40. Kc2 Kc6 41. Kc3 Kb5 42. Kb3 f5 43. f4 f6 44. Kc3 e5 45. g3 exf4 46. gxf4 g5
47. fxg5 fxg5 48. Kd4 Kxb4 49. Ke5 g4 50. Kf4 Kc4 51. Ke3 g3 52. Kf3 f4 53. Kg2
Kc3 54. Kf3 Kd3 55. Kg2 Ke2 56. Kg1 f3 57. Kh1 g2+ 58. Kg1 Ke1 59. Kh2 f2 60.
Kxg2 f1=Q+ 61. Kh2 Qf4+ 62. Kh1 Qg4 63. Kh2 Kf2 64. Kh1 {White resigns} 0-1

[Event "Team 45 45 League T41"]
[Site "Internet Chess Club"]
[Date "2009.05.18"]
[Round "3"]
[White "BotanicalKnight"]
[Black "Zyme"]
[Result "1-0"]
[WhiteElo "1556"]
[BlackElo "1472"]
[Opening "French: Labourdonnais variation"]
[ECO "C00"]
[Time "21:04:14"]
[TimeControl "2700+45"]

1. e4 e6 2. f4 d5 3. e5 c5 4. Nf3 Nc6 5. Nc3 Nh6 6. d3 Bd7 7. g3 Qb6 8. Bd2 Be7
9. Rb1 Nf5 10. Bh3 Nfd4 11. Bg2 O-O-O 12. Ne2 Nxf3+ 13. Bxf3 f6 14. exf6 Bxf6
15. O-O h5 16. c3 Rdg8 17. Qb3 Qxb3 18. axb3 g5 19. f5 d4 20. fxe6 Ne5 21. exd7+
Kxd7 22. Bd5 Rf8 23. Be4 Ng4 24. Bf5+ Kd6 25. Bxg4 hxg4 26. cxd4 cxd4 27. Bb4+
Kd5 28. Bxf8 Rxf8 29. Rf5+ Ke6 30. Rbf1 Ke7 31. Kg2 a6 {Black resigns} 1-0

[Event "Team 45 45 League T41"]
[Site "Internet Chess Club"]
[Date "2009.05.17"]
[Round "3"]
[White "AtomicDog"]
[Black "medsurg"]
[Result "0-1"]
[WhiteElo "1268"]
[BlackElo "1414"]
[Opening "Philidor's defense"]
[ECO "C41"]
[Time "17:52:13"]
[TimeControl "2700+45"]

1. e4 e5 2. Nf3 d6 3. d4 Bg4 4. dxe5 Bxf3 5. Qxf3 dxe5 6. Bc4 Nf6 7. O-O Nc6 8.
c3 Bd6 9. Be3 Na5 10. Nd2 Qd7 11. b4 Nxc4 12. Nxc4 O-O 13. h3 Qc6 14. Nxd6 cxd6
15. Rfc1 Qxe4 16. Kh1 Qxf3 17. gxf3 Nh5 18. Rd1 Rfd8 19. Rd3 f5 20. Rad1 f4 21.
Bc1 Rac8 22. Rxd6 Rxd6 23. Rxd6 Rxc3 24. a4 Rxc1+ {White resigns} 0-1

[Event "Team 45 45 League T41"]
[Site "Internet Chess Club"]
[Date "2009.05.15"]
[Round "3"]
[White "IanT"]
[Black "AlPearson"]
[Result "1-0"]
[WhiteElo "1448"]
[BlackElo "1369"]
[Opening "Alekhine's defense: Scandinavian variation"]
[ECO "B02"]
[Time "08:33:07"]
[TimeControl "2700+45"]

1. e4 Nf6 2. Nc3 d5 3. e5 d4 4. exf6 dxc3 5. bxc3 gxf6 6. Bc4 Bg7 7. Nf3 c5 8.
d3 Nc6 9. Be3 f5 10. Bxc5 Bxc3+ 11. Nd2 Bxa1 12. Qxa1 Rg8 13. O-O Qa5 14. Nb3
Qc7 15. Qc1 b6 16. Ba3 Bb7 17. Bb5 a6 18. Bxc6+ Qxc6 19. f3 Rc8 20. Nd4 Qg6 21.
Qd2 Kd7 22. Re1 e6 23. Qf2 Rg7 24. Re2 Rcg8 25. Nb3 h5 26. Kf1 h4 27. Bb2 f6 28.
Nd2 h3 29. g3 f4 30. Qd4+ Bd5 31. Qxf4 Qf5 32. Qxf5 exf5 33. Bxf6 Rg6 34. Bd4 b5
35. a3 Re6 36. Be3 Rge8 37. Kf2 Kc6 38. c4 Rxe3 39. Rxe3 Rxe3 40. Kxe3 bxc4 41.
dxc4 Bf7 42. Kd4 Bh5 43. f4 Be2 44. Nb3 Bd1 45. Nc5 a5 46. Ne6 Bf3 47. Ng7 Be4
48. Ke5 Kc5 49. Nxf5 Bd3 50. Ne3 Kc6 51. Ke6 Kc5 52. f5 Kc6 53. f6 Bg6 54. f7
Bxf7+ 55. Kxf7 Kc5 56. g4 Kd4 57. g5 Ke5 58. g6 Kd6 59. g7 Ke5 60. g8=Q Kd4 61.
Qd8+ Kc5 62. Qxa5+ Kd6 63. Qf5 Kc6 64. Qxh3 Kc5 65. Ng2 Kc6 66. Qf5 Kb6 67. Qd5
Ka6 68. Qc5 Kb7 69. Qd6 Ka7 70. Qc6 Kb8 71. Qd7 Ka8 72. Ke6 Kb8 73. Kd6 Ka8 74.
Kc6 Kb8 75. Qb7# {Black checkmated} 1-0

[Event "Team 45 45 League T41"]
[Site "Internet Chess Club"]
[Date "2009.05.17"]
[Round "3"]
[White "Rubacchus"]
[Black "Conjurer"]
[Result "1-0"]
[WhiteElo "1263"]
[BlackElo "1378"]
[Opening "Nimzo-Indian: 4.e3 O-O"]
[ECO "E46"]
[Time "13:01:59"]
[TimeControl "2700+45"]

1. d4 Nf6 2. c4 e6 3. Nc3 Bb4 4. e3 O-O 5. Qc2 b6 6. a3 Be7 7. Nf3 c5 8. Bd3 Bb7
9. e4 cxd4 10. Nxd4 e5 11. Nde2 Nc6 12. O-O Bc5 13. h3 Ne7 14. b4 Bd6 15. Nd5
Ng6 16. f4 Re8 17. f5 Ne7 18. Nxf6+ gxf6 19. Ng3 Kh8 20. Nh5 Ng8 21. Qf2 Bf8 22.
Qh4 a5 23. Bd2 axb4 24. Bxb4 Bh6 25. Qg4 Bg5 26. Bd2 Nh6 27. Qg3 Rg8 28. Bxg5
Rxg5 29. Qh4 Qe7 30. Rf3 Rag8 31. Ng3 Qf8 32. Kh2 Qg7 33. Rg1 Nxf5 34. Rxf5 Rxg3
35. Bf1 Bxe4 36. Qxe4 Rxa3 37. Qh4 Ra1 38. Qxf6 Qxf6 39. Rxf6 Rg7 40. Rxb6 Rc1
41. Rd6 f5 42. Rd5 Re7 43. Bd3 Rxg1 44. Kxg1 f4 45. Be2 Kg7 46. Bg4 e4 47. Bxd7
e3 48. Kf1 e2+ 49. Ke1 Kf6 50. Bg4 Rc7 51. Bxe2 Ke6 52. Kf2 Rg7 53. Rh5 Kd6 54.
Bd3 Rg3 55. Bxh7 Rc3 56. Bg8 Rg3 57. c5+ Kc6 58. Bh7 Re3 59. Rf5 Rc3 60. Rxf4
Rxc5 61. Kg3 Rg5+ 62. Rg4 Rh5 63. Be4+ Kd6 64. h4 Ke7 65. Rg5 Rh6 66. Kg4 Re6
67. Bf3 Kf8 68. Kh5 Re1 69. g4 Rf1 70. Bd5 Rf6 71. Rf5 Kg7 72. Rxf6 Kxf6 73. Kh6
Ke7 {Black resigns} 1-0

[Event "Team 45 45 League T41"]
[Site "Internet Chess Club"]
[Date "2009.05.17"]
[Round "3"]
[White "GadsHill"]
[Black "scottrugby"]
[Result "1-0"]
[WhiteElo "1547"]
[BlackElo "1506"]
[Opening "Bogo-Indian defense, Nimzovich variation"]
[ECO "E11"]
[Time "21:01:19"]
[TimeControl "2700+45"]

1. d4 Nf6 2. c4 e6 3. Nf3 Bb4+ 4. Bd2 Qe7 5. a3 Bxd2+ 6. Nbxd2 Nc6 7. e3 d6 8.
Be2 O-O 9. O-O e5 10. d5 Nb8 11. Qc2 e4 12. Ng5 Re8 13. Rac1 h6 14. Nh3 Bxh3 15.
gxh3 c6 16. Kh1 Qd7 17. Rg1 Re5 18. Rg3 Na6 19. Rcg1 g6 20. f4 exf3 21. Rxg6+
fxg6 22. Qxg6+ Kf8 23. Qxf6+ Qf7 24. Qxd6+ Re7 25. Qxh6+ Ke8 26. Bxf3 Kd8 27.
dxc6 Re6 28. Qh8+ Re8 29. Qd4+ Kc7 30. Rg7 Re7 {Black resigns} 1-0

[Event "Team 45 45 League T41"]
[Site "Internet Chess Club"]
[Date "2009.05.17"]
[Round "3"]
[White "hcarstens"]
[Black "carambola"]
[Result "1-0"]
[WhiteElo "1419"]
[BlackElo "1171"]
[Opening "Alekhine's defense"]
[ECO "B02"]
[Time "09:00:09"]
[TimeControl "2700+45"]

1. e4 Nf6 2. Nc3 c6 3. Nf3 d6 4. d4 e6 5. e5 dxe5 6. Nxe5 Nd5 7. Bc4 Bb4 8. O-O
O-O 9. Ne4 b5 10. Bd3 f5 11. Ng5 Qf6 12. Qh5 h6 13. c3 Nxc3 14. bxc3 Bxc3 15.
Rb1 Bxd4 16. Ngf3 Bxe5 17. Nh4 Nd7 18. Be3 Qf7 19. Qf3 Bb7 20. Rbc1 Rac8 21.
Bxa7 Bb2 22. Rc2 Ba3 23. Be2 Ne5 24. Qxa3 Ng4 25. Nf3 Rfd8 26. Bb6 Re8 27. h3
Nf6 28. Ne5 Qe7 29. Bc5 Qc7 30. Nd3 Nd5 31. Be3 Ra8 32. Qb2 Nxe3 33. fxe3 Qg3
34. Qe5 Qg5 35. Qf4 Qe7 36. Rf3 c5 37. Rg3 Qf6 38. Nxc5 Qa1+ 39. Qf1 Qxf1+ 40.
Kxf1 Bd5 41. Bxb5 Reb8 42. Bd7 Rb1+ 43. Ke2 Bxa2 44. Nxe6 Bd5 45. Nc7 Raa1 46.
Nxd5 Re1+ 47. Kd3 Red1+ 48. Kc4 Kf7 49. Bxf5 Ra4+ 50. Nb4 Rb1 51. Kd5 Rbxb4 52.
Be6+ Kf6 53. Rf2+ Ke7 54. Rxg7+ Ke8 55. Bd7+ Kd8 56. Rf8+ Kc7 57. Bxa4+ Kb6 58.
Rb8+ Ka5 59. Ra7# {Black checkmated} 1-0

[Event "Team 45 45 League T41"]
[Site "Internet Chess Club"]
[Date "2009.05.17"]
[Round "3"]
[White "sdcohle"]
[Black "Just-Jim"]
[Result "1-0"]
[WhiteElo "1329"]
[BlackElo "1392"]
[Opening "Queen's pawn, Mason variation"]
[ECO "D00"]
[Time "19:22:03"]
[TimeControl "2700+45"]

1. d4 d5 2. Bf4 Bf5 3. Nc3 a6 4. e3 Nc6 5. Nf3 Nb4 6. Bd3 Bxd3 7. cxd3 Nf6 8. a3
Nc6 9. e4 dxe4 10. dxe4 h6 11. O-O e6 12. h3 Be7 13. e5 Nh7 14. d5 exd5 15. Nxd5
Bg5 16. Bg3 O-O 17. h4 Be7 18. Nxe7+ Qxe7 19. Re1 Rad8 20. Qc2 Rd7 21. Rad1 Rfd8
22. Rxd7 Qxd7 23. Re2 Qd1+ 24. Kh2 Qxc2 25. Rxc2 Rd7 26. Re2 Re7 27. Nd2 f6 28.
f4 Nd4 29. Re4 Nf5 30. exf6 Nxf6 31. Rxe7 Nxe7 32. Nc4 Nf5 33. Be1 Ng4+ 34. Kg1
Nge3 35. Nxe3 Nxe3 36. b4 Nc2 37. Bc3 Nxa3 38. g4 Nb5 39. Bd2 Nd4 40. Kg2 Kf7
41. Kf2 g6 42. Ke3 Ne6 43. Bc3 c5 44. Ke4 cxb4 45. Bxb4 b6 46. f5 gxf5+ 47. gxf5
Ng7 48. Ke5 a5 49. Bc3 a4 50. f6 Nh5 51. Kf5 a3 52. Bb4 a2 53. Bc3 b5 54. Bb2
Ng3+ 55. Kg4 Ne2 56. Kh5 Nc1 57. Kxh6 Nb3 58. Kg5 a1=Q 59. Bxa1 Nxa1 60. h5 Nb3
61. h6 Nd4 62. h7 Ne6+ 63. Kh6 Kxf6 64. h8=Q+ Ke7 65. Qb8 Kf6 66. Qxb5 Ng5 67.
Qxg5+ {Black resigns} 1-0

[Event "Team 45 45 League T41"]
[Site "Internet Chess Club"]
[Date "2009.05.18"]
[Round "3"]
[White "thefranman"]
[Black "Danny-ONeil"]
[Result "1-0"]
[WhiteElo "1486"]
[BlackElo "1256"]
[Opening "English: Sicilian reversed"]
[ECO "A25"]
[Time "21:00:49"]
[TimeControl "2700+45"]

1. c4 e5 2. Nc3 Nc6 3. a3 Nf6 4. d3 Be7 5. Nf3 O-O 6. e3 d6 7. Be2 Bg4 8. O-O a6
9. Qc2 Qd7 10. Bd2 Rab8 11. b4 b5 12. cxb5 axb5 13. Rac1 d5 14. Nxd5 Nxd5 15.
Qxc6 Qd8 16. Qc2 Bxf3 17. Bxf3 Nf6 18. Qxc7 Qe8 19. Qxe5 Rc8 20. Rxc8 Qxc8 21.
Qxe7 Qc2 22. Bc1 Qxd3 23. Bb2 Ne8 24. Qg5 g6 25. Qe5 f6 26. Qd5+ Qxd5 27. Bxd5+
Kh8 28. Rc1 Kg7 29. f3 Nd6 30. Rc7+ Kh6 31. Bd4 Rd8 32. e4 Ne8 33. Rb7 Nd6 34.
Be3+ g5 35. Rb6 Kg6 36. Bc5 Ne8 37. Rxb5 Nc7 38. Rb7 Nxd5 39. exd5 Rxd5 40. Kf2
Rd2+ 41. Ke3 Rxg2 42. Rb6 Rxh2 43. Be7 Rh1 44. Bxf6 Kh5 45. Rb7 Kg6 46. Rb6 h6
47. a4 h5 48. a5 h4 49. Kf2 h3 50. Be5+ Kf5 51. Bg3 Ra1 52. Bh2 Rh1 53. Kg3
{Black resigns} 1-0

[Event "Team 45 45 League T41"]
[Site "Internet Chess Club"]
[Date "2009.05.16"]
[Round "3"]
[White "dinkola"]
[Black "Paulkov"]
[Result "0-1"]
[WhiteElo "1614"]
[BlackElo "1852"]
[Opening "Benoni: 6.e4"]
[ECO "A65"]
[Time "18:02:38"]
[TimeControl "2700+45"]

1. d4 Nf6 2. c4 c5 3. d5 e6 4. Nc3 exd5 5. cxd5 d6 6. e4 g6 7. Bg5 Bg7 8. Be2 h6
9. Bh4 O-O 10. f4 Re8 11. Nf3 Qb6 12. Qc2 Ng4 13. Nd1 f5 14. e5 dxe5 15. fxe5
Qb4+ 16. Qc3 Nxe5 17. Qxb4 Nd3+ 18. Kd2 Nxb4 19. Bc4 Nd7 20. d6+ Kh7 21. Be7 Ne5
22. Nxe5 Bxe5 23. Bf7 Bxd6 24. Bxe8 Bxe7 25. Re1 Bg5+ 26. Kc3 Bf6+ 27. Kb3 Nd3
28. Re3 Ne5 29. Bb5 Be6+ 30. Kc2 f4 31. Re1 Bf5+ 32. Kb3 Rc8 33. Rc1 c4+ 34.
Bxc4 b5 35. Bg8+ Kxg8 36. Rxc8+ Bxc8 37. Nc3 Be6+ 38. Kc2 a6 39. Kb1 Kf7 40. Ka1
Nc4 41. h3 Nxb2 42. Kxb2 b4 43. Re4 bxc3+ 44. Kc1 Bf5 45. Rc4 g5 46. Rc7+ Kg6
47. Rc6 Be4 48. Rxa6 Bxg2 49. a4 f3 {White resigns} 0-1

[Event "Team 45 45 League T41"]
[Site "Internet Chess Club"]
[Date "2009.05.17"]
[Round "3"]
[White "Victorianum"]
[Black "Rlopez"]
[Result "1-0"]
[WhiteElo "1741"]
[BlackElo "1696"]
[Opening "Sicilian: closed"]
[ECO "B25"]
[Time "13:00:46"]
[TimeControl "2700+45"]

1. e4 c5 2. Nc3 Nc6 3. g3 g6 4. d3 d6 5. Bg2 Bg7 6. Nge2 a6 7. O-O e6 8. Be3
Nge7 9. f4 f5 10. d4 c4 11. d5 exd5 12. exd5 Nb8 13. Bd4 O-O 14. Bxg7 Kxg7 15.
Qd4+ Kg8 16. Qxc4 b5 17. Qd3 Nd7 18. b4 Nb6 19. Nd4 Bd7 20. Ne6 Bxe6 21. dxe6
Rc8 22. Rac1 Qc7 23. Nd5 Nbxd5 24. Bxd5 Qc3 25. Bb7 Rc7 26. Bxa6 Qxb4 27. Bxb5
Rc3 28. Qe2 Rfc8 29. a4 Qb2 30. Bd3 Ra8 31. Rb1 Qa3 32. Ra1 Qc5+ 33. Kh1 Qd4 34.
Qf2 Rxa4 35. Qxd4 Rxd4 36. Ra7 Kf8 37. Rb1 Rc8 38. Rbb7 Nc6 39. Rf7+ Kg8 40.
Rg7+ Kf8 41. Raf7+ Ke8 42. Rxh7 {Black resigns} 1-0

[Event "Team 45 45 League T41"]
[Site "Internet Chess Club"]
[Date "2009.05.16"]
[Round "3"]
[White "musk6868"]
[Black "Rhel"]
[Result "0-1"]
[WhiteElo "1697"]
[BlackElo "1581"]
[Opening "Sicilian: accelerated fianchetto, Maróczy bind"]
[ECO "B36"]
[Time "06:47:38"]
[TimeControl "2700+45"]

1. e4 c5 2. Nf3 g6 3. d4 cxd4 4. Nxd4 Nc6 5. c4 Nf6 6. Nc3 d6 7. Be2 Nxd4 8.
Qxd4 Bg7 9. Qd1 O-O 10. O-O Be6 11. Be3 Qa5 12. f3 a6 13. Nd5 Nxd5 14. cxd5 Bd7
15. Bd4 Qb4 16. Bxg7 Kxg7 17. b3 Rac8 18. a3 Qc3 19. Rc1 Qe3+ 20. Kh1 Rxc1 21.
Qxc1 Qxe2 22. Re1 Qb5 23. b4 Rc8 24. Qg5 f6 25. Qe3 Qc4 26. h3 Qc3 27. Qf2 Qxa3
28. Qb6 Qc3 29. Rg1 Qc7 30. Qd4 b6 31. Ra1 Bb5 32. Qb2 Qc3 33. Qb1 Rc4 34. Qg1
Qd4 35. Rb1 Qxg1+ 36. Kxg1 Ba4 37. Rb2 Rc2 38. Rb1 Rd2 39. Kh2 h5 40. Kg3 g5 41.
h4 gxh4+ 42. Kxh4 Rxg2 43. Kxh5 Bd7 44. Kh4 Kg6 45. Rb3 f5 46. Kh3 Rg5 47. Kh4
f4 48. Rb2 Rh5# {White checkmated} 0-1

[Event "Team 45 45 League T41"]
[Site "Internet Chess Club"]
[Date "2009.05.17"]
[Round "3"]
[White "allanchs"]
[Black "wbanks"]
[Result "1/2-1/2"]
[WhiteElo "1530"]
[BlackElo "1745"]
[Opening "QGD: Tartakower (Makagonov-Bondarevsky) system"]
[ECO "D58"]
[Time "10:00:14"]
[TimeControl "2700+45"]

1. d4 d5 2. c4 e6 3. Nc3 Nf6 4. Bg5 Be7 5. Nf3 O-O 6. e3 h6 7. Bh4 b6 8. Rc1 Bb7
9. Be2 Nbd7 10. O-O Re8 11. Qc2 Rc8 12. b3 c5 13. cxd5 Nxd5 14. Nxd5 Bxd5 15.
Bxe7 Qxe7 16. dxc5 Nxc5 17. Qd2 Red8 18. Qb4 Rc7 19. h3 Rdc8 20. Rfd1 Qf6 21.
Qg4 Ne4 22. Rxc7 Rxc7 23. Bd3 Ng5 24. Nxg5 Qxg5 25. Qxg5 hxg5 26. Kf1 f6 27. g3
Bf3 28. Be2 Bd5 29. Bd3 Kf7 30. Ke2 Ke7 31. Kd2 e5 32. Rc1 Rxc1 33. Kxc1 Kd6 34.
Kb2 Kc5 35. a3 a5 36. Kc3 Be6 37. h4 gxh4 38. gxh4 Bg4 39. Bg6 Bf3 40. Bf5 {Game
drawn by mutual agreement} 1/2-1/2

[Event "Team 45 45 League T41"]
[Site "Internet Chess Club"]
[Date "2009.05.17"]
[Round "3"]
[White "andrew28"]
[Black "CREDITorDEBIT"]
[Result "0-1"]
[WhiteElo "1729"]
[BlackElo "1863"]
[Opening "Sicilian: dragon, Yugoslav attack"]
[ECO "B75"]
[Time "11:05:57"]
[TimeControl "2700+45"]

1. e4 c5 2. Nf3 d6 3. d4 cxd4 4. Nxd4 Nf6 5. Nc3 g6 6. Be3 Bg7 7. f3 Nc6 8. Qd2
Bd7 9. O-O-O Rc8 10. g4 Ne5 11. h4 Qa5 12. Kb1 Nc4 13. Bxc4 Rxc4 14. h5 b5 15.
h6 Bf8 16. Nb3 Qc7 17. e5 dxe5 18. g5 b4 19. Nb5 Bxb5 20. gxf6 exf6 21. Qd5 a6
22. Rhe1 Be7 23. Qa8+ Qc8 24. Qa7 Rc7 25. Qb6 O-O 26. f4 Rxc2 27. fxe5 fxe5 28.
Ka1 Qc7 29. Qxc7 Rxc7 30. Rd5 f6 31. Red1 Kf7 32. Na5 Rfc8 33. Kb1 e4 34. b3
Bd3+ 35. Ka1 f5 36. a4 Bf6+ 37. Bd4 Ke6 {White resigns} 0-1

[Event "Team 45 45 League T41"]
[Site "Internet Chess Club"]
[Date "2009.05.16"]
[Round "3"]
[White "Mater"]
[Black "katesolu"]
[Result "0-1"]
[WhiteElo "1616"]
[BlackElo "1788"]
[Opening "Grünfeld: exchange variation"]
[ECO "D85"]
[Time "12:01:58"]
[TimeControl "2700+45"]

1. d4 Nf6 2. c4 g6 3. Nc3 d5 4. cxd5 Nxd5 5. e4 Nxc3 6. bxc3 Bg7 7. Bg5 c5 8.
Qd2 cxd4 9. cxd4 Qxd4 10. Rd1 Qxe4+ 11. Be3 O-O 12. Nf3 Nc6 13. Bd3 Qd5 14. O-O
Bg4 15. Qc1 Bxf3 16. Be2 Qxa2 17. Rd2 Qe6 18. Bxf3 Rfd8 19. Rfd1 Rxd2 20. Rxd2
a5 21. Bd5 Qf6 22. g3 Qa1 23. Rd1 Qxc1 24. Rxc1 a4 25. Rb1 a3 26. Ba2 Bb2 27.
Bc5 e6 28. Rd1 Ne5 29. Be7 Nf3+ 30. Kg2 Nd4 31. Rd3 b5 32. Bf6 Nc6 33. Bg5 Nb4
{White resigns} 0-1

[Event "Team 45 45 League T41"]
[Site "Internet Chess Club"]
[Date "2009.05.16"]
[Round "3"]
[White "Xjxjbo"]
[Black "cknights"]
[Result "0-1"]
[WhiteElo "1541"]
[BlackElo "1827"]
[Opening "Sicilian"]
[ECO "B55"]
[Time "12:04:05"]
[TimeControl "2700+45"]

1. e4 c5 2. Nf3 d6 3. d4 cxd4 4. Nxd4 Nf6 5. Bd3 a6 6. O-O e6 7. Be3 Be7 8. Nd2
Nbd7 9. f4 Qc7 10. Qe2 O-O 11. Rae1 b5 12. N2f3 Bb7 13. Kh1 Bxe4 14. Bd2 Nc5 15.
Ng5 Bd5 16. Bxh7+ Nxh7 17. Nxh7 Kxh7 18. Qh5+ Kg8 19. Re3 Ne4 20. Rh3 f5 21. Be3
Rf6 22. Qh8+ Kf7 23. Qh5+ Rg6 24. Nxf5 Nf6 25. Nxe7 Bxg2+ 26. Kg1 Nxh5 27. Nxg6
Bxh3 {White resigns} 0-1

[Event "Team 45 45 League T41"]
[Site "Internet Chess Club"]
[Date "2009.05.18"]
[Round "3"]
[White "jonesey"]
[Black "Fidius"]
[Result "1/2-1/2"]
[WhiteElo "2049"]
[BlackElo "2177"]
[Opening "Réti: King's Indian attack (Barcza system)"]
[ECO "A07"]
[Time "11:02:41"]
[TimeControl "2700+45"]

1. Nf3 d5 2. g3 c6 3. Bg2 Nf6 4. d3 Bg4 5. h3 Bh5 6. O-O e6 7. b3 Nbd7 8. Bb2
Bd6 9. Nbd2 Qc7 10. c4 O-O 11. Rc1 Rfe8 12. Re1 Bg6 13. Nh4 a5 14. a3 d4 15.
Nxg6 hxg6 16. Qc2 e5 17. Ra1 Rab8 18. Rec1 Qb6 19. Rcb1 Ra8 20. Bc1 Ra6 21. Bb2
Rea8 22. Bc1 Re8 23. Bb2 Rea8 24. Bc1 {Game drawn by mutual agreement} 1/2-1/2

[Event "Team 45 45 League T41"]
[Site "Internet Chess Club"]
[Date "2009.05.17"]
[Round "3"]
[White "Chessrascal"]
[Black "hewdondada"]
[Result "1-0"]
[WhiteElo "2225"]
[BlackElo "1743"]
[Opening "Scandinavian (center counter) defense"]
[ECO "B01"]
[Time "20:09:38"]
[TimeControl "2700+45"]

1. e4 d5 2. exd5 Qxd5 3. Nf3 Nf6 4. d4 Bf5 5. c4 Qd8 6. Nc3 c6 7. Be2 e6 8. O-O
Bd6 9. h3 Nbd7 10. Be3 Qc7 11. a3 O-O 12. Nh4 Bg6 13. Nxg6 hxg6 14. Bf3 Bf4 15.
Qd2 Bxe3 16. fxe3 Nb6 17. c5 Nbd5 18. e4 Nxc3 19. bxc3 e5 20. Qf2 Rad8 21. Rad1
Nd7 22. Kh1 Qa5 23. Qb2 Rfe8 24. Qb3 Qb5 25. Qa2 Qa5 26. Be2 Nf6 27. Bc4 Qc7 28.
d5 cxd5 29. exd5 Qxc5 30. d6 Rf8 31. d7 Qe7 32. Qb1 Rxd7 33. Rxd7 Qxd7 34. Qxg6
Qc6 35. Ba2 Nd5 36. Qg5 Nf4 37. Qg3 Qa6 38. Qf2 Qxa3 39. g3 Ne6 40. Qc2 Qa6 41.
Rf2 Qc6+ 42. Kh2 Ng5 43. Qf5 Qc5 44. h4 Ne6 45. h5 Qd6 46. h6 Nd8 47. hxg7 Qh6+
48. Kg1 Qxg7 49. g4 Nc6 50. Rg2 Ne7 51. Qd7 Qg5 52. Rf2 e4 53. Bxf7+ Rxf7 54.
Qe8+ {Black resigns} 1-0

[Event "Team 45 45 League T41"]
[Site "Internet Chess Club"]
[Date "2009.05.19"]
[Round "3"]
[White "mugurelt"]
[Black "whitetiger"]
[Result "0-1"]
[WhiteElo "1738"]
[BlackElo "1877"]
[Opening "Sicilian: dragon variation"]
[ECO "B70"]
[Time "16:31:19"]
[TimeControl "2700+45"]

1. e4 c5 2. Nf3 d6 3. d4 cxd4 4. Nxd4 Nf6 5. Nc3 g6 6. Bg5 Bg7 7. Qd2 Bd7 8. Bh6
Bxh6 9. Qxh6 Qb6 10. Qd2 Na6 11. Nb3 Nc7 12. Be2 a5 13. a4 Qb4 14. f3 O-O 15. h4
e5 16. g4 Be6 17. h5 Nce8 18. hxg6 fxg6 19. Nb5 Qxd2+ 20. Nxd2 Rc8 21. c4 Rc6
22. b3 Nc7 23. Kf2 Nxg4+ 24. Ke1 Nf6 25. Nf1 Nh5 26. Ne3 Rf7 27. Nxc7 Rcxc7 28.
Kf2 Nf4 29. Rad1 Rcd7 30. Rd2 Rf8 31. Rhd1 Rfd8 32. Ng4 Kg7 33. Ne3 h5 34. Ng2
g5 35. Nxf4 exf4 36. Kg2 Kg6 37. Kh2 g4 38. fxg4 hxg4 39. Rg1 Rh8+ 40. Kg2 f3+
41. Bxf3 gxf3+ 42. Kxf3+ Kf6 43. Rdg2 Rh3+ 44. Kf4 Rf7 45. e5+ dxe5+ 46. Ke4
Bf5+ 47. Kd5 Rxb3 48. Rf2 Rd3+ 49. Kc5 Ke6 50. Rb2 Rd6 51. Kb5 Bd3 52. Kxa5 Bxc4
53. Rh2 e4 54. Rh6+ Rf6 55. Rh4 Ke5 56. Kb4 Bd3 57. Kc3 Rc6+ 58. Kb4 Kd4 59. a5
Rc4+ 60. Kb3 Rf1 61. Rxf1 Bxf1 62. Rh7 Rc3+ 63. Kb2 Rc5 64. Rxb7 Rb5+ 65. Rxb5
Bxb5 66. Kc1 Ke3 67. Kd1 Kf2 {White resigns} 0-1

[Event "Team 45 45 League T41"]
[Site "Internet Chess Club"]
[Date "2009.05.16"]
[Round "3"]
[White "chiiwen"]
[Black "eurander"]
[Result "0-1"]
[WhiteElo "2085"]
[BlackElo "2219"]
[Opening "Caro-Kann: classical, Spassky variation"]
[ECO "B19"]
[Time "14:00:42"]
[TimeControl "2700+45"]

1. e4 c6 2. d4 d5 3. Nd2 dxe4 4. Nxe4 Bf5 5. Ng3 Bg6 6. h4 h6 7. Nf3 Nd7 8. h5
Bh7 9. Bd3 Bxd3 10. Qxd3 e6 11. Bf4 Qa5+ 12. Bd2 Bb4 13. c3 Be7 14. c4 Qc7 15.
O-O-O Ngf6 16. Kb1 O-O 17. Bc3 b5 18. c5 a5 19. Ne4 Rfd8 20. Nxf6+ Nxf6 21. Qe2
Rd5 22. Bd2 Ng4 23. g3 Rad8 24. Bf4 Qd7 25. Rd2 e5 26. Nxe5 Nxe5 27. Bxe5 Bxc5
28. Rc1 f6 29. Rdc2 fxe5 30. dxc5 Qf5 31. Ka1 a4 32. a3 Rd4 33. Re1 R8d5 34. Rf1
Re4 {White resigns} 0-1

[Event "Team 45 45 League T41"]
[Site "Internet Chess Club"]
[Date "2009.05.19"]
[Round "3"]
[White "pestka"]
[Black "martineden"]
[Result "1/2-1/2"]
[WhiteElo "2200"]
[BlackElo "2006"]
[Opening "QGD Slav: 3.Nf3"]
[ECO "D11"]
[Time "09:36:14"]
[TimeControl "2700+45"]

1. d4 d5 2. c4 c6 3. Nf3 Nf6 4. Qc2 dxc4 5. Qxc4 Bf5 6. g3 e6 7. Bg2 Nbd7 8. O-O
Be7 9. Nc3 O-O 10. Re1 Ne4 11. Qb3 Qb6 12. Nh4 Qxb3 13. axb3 Nd6 14. e4 Bg4 15.
Nf3 Ne8 16. h3 Bh5 17. g4 Bg6 18. d5 e5 19. dxc6 bxc6 20. Be3 f6 21. Rxa7 Rxa7
22. Bxa7 Bf7 23. Nd2 Nc7 24. Bf1 Ra8 25. Be3 Nc5 26. b4 N5e6 27. b5 Nxb5 28.
Nxb5 cxb5 29. Bxb5 Rb8 30. Bc4 Rxb2 31. Rb1 Rxb1+ 32. Nxb1 Nd4 33. Bxf7+ Kxf7
34. Nc3 Ke6 35. f4 Nf3+ 36. Kf2 exf4 37. Bxf4 {Game drawn by mutual agreement}
1/2-1/2

[Event "Team 45 45 League T41"]
[Site "Internet Chess Club"]
[Date "2009.05.16"]
[Round "3"]
[White "VietLion"]
[Black "tourettes"]
[Result "1-0"]
[WhiteElo "1964"]
[BlackElo "1743"]
[Opening "French: advance variation"]
[ECO "C02"]
[Time "04:02:06"]
[TimeControl "2700+45"]

1. e4 e6 2. d4 d5 3. e5 c5 4. c3 Nc6 5. f4 Qb6 6. Nf3 cxd4 7. cxd4 Bb4+ 8. Nc3
Nge7 9. a3 Bxc3+ 10. bxc3 Bd7 11. Bd3 O-O 12. Bxh7+ Kxh7 13. Ng5+ Kg8 14. Qh5
Rfd8 15. a4 Nxd4 16. Qh7+ Kf8 17. Qh8+ Ng8 18. Ba3+ {Black resigns} 1-0

[Event "Team 45 45 League T41"]
[Site "Internet Chess Club"]
[Date "2009.05.15"]
[Round "3"]
[White "vollmerj"]
[Black "chess9793"]
[Result "0-1"]
[WhiteElo "1662"]
[BlackElo "1892"]
[Opening "Sicilian: accelerated fianchetto, modern variation"]
[ECO "B73"]
[Time "18:30:27"]
[TimeControl "2700+45"]

1. e4 c5 2. Nf3 Nc6 3. d4 cxd4 4. Nxd4 g6 5. Nc3 Bg7 6. Be3 Nf6 7. Be2 O-O 8.
O-O d6 9. f3 Qb6 10. Nf5 Qxb2 11. Nxg7 Qxc3 12. Bh6 Bd7 13. Ne6 Bxe6 14. Bxf8
Kxf8 15. Qc1 Kg7 16. Bd3 Nb4 17. Rd1 Rc8 18. Qe3 b6 19. Qd2 Nxc2 20. Qxc3 Rxc3
21. Rac1 Ne3 22. Rxc3 Nxd1 23. Rc7 Bxa2 24. Rxa7 Be6 25. Rb7 Nb2 26. Bf1 Nc4 27.
Bxc4 Bxc4 28. Rxb6 Be6 29. Rb7 h5 30. Kf2 Nd7 31. Ke3 Kf6 32. Rb2 d5 33. exd5
Bxd5 34. Rd2 e6 35. g3 Ne5 36. Rf2 Nxf3 37. Rxf3+ Bxf3 38. Kxf3 Kf5 39. h3 e5
40. Ke3 g5 41. Kf3 e4+ 42. Ke3 Ke5 43. g4 h4 44. Kd2 Kf4 {White resigns} 0-1